 Seeded DCSS version 0.30.1-9-gdf580d7c3d (webtiles) character file.

Game seed: 7349257698004992703 (custom seed)

399 CarvArkoylaein the Magician (level 7, -3/47 HPs)
             Began as a Djinni Hedge Wizard on Sept 22, 2023.
             Slain by a phantom (6 damage)
             ... on level 4 of the Dungeon on Sept 25, 2023.
             The game lasted 00:28:50 (3623 turns).

CarvArkoylaein the Magician (Djinni Hedge Wizard)   Turns: 3623, Time: 00:28:51

Health: -3/47      AC:  5    Str:  9    XL:     7   Next: 10%
Gold:   188        EV: 12    Int: 17    God:
                   SH:  0    Dex: 13

rFire   + + +        a - +0 dagger
rCold   x . .        (no shield)
rNeg    + . .        q - +2 leather armour {rF+}
rPois   ∞            c - +0 hat
rElec   .            (no cloak)
rCorr   .            (no gloves)
SInv    .            (boots unavailable)
Will    .....        (no amulet)
Stlth   ++           f - ring of positive energy
HPRegen 0.27/turn    (no ring)
MPRegen 0.00/turn

%: infuse magic (-4 HP)
@: flying
A: sickness immunity, fire resistance 2, cold vulnerability 1, float, innate
caster, HP casting, extra vitality 1
a: no special abilities


You were on level 4 of the Dungeon.
You visited 1 branch of the dungeon, and saw 4 of its levels.

You collected 188 gold pieces.

Inventory:

Hand Weapons
 a - a +0 dagger (weapon)
 m - a +0 quarterstaff
Missiles
 z - a throwing net
Armour
 b - a +0 robe
 c - a +0 hat (worn)
 e - a +0 kite shield
 g - a +0 leather armour
 j - a +0 ring mail
 p - the +9 plate armour of Dogma {Dex+3}
   (You found it on level 3 of the Dungeon)

   Dex:       It affects your dexterity (+3).
 q - a +2 leather armour of fire resistance (worn)
 w - a +0 pair of gloves
Jewellery
 f - a ring of positive energy (left hand)
 y - an amulet of guardian spirit
Scrolls
 d - a scroll of fog {unknown}
 h - 2 scrolls of teleportation
 i - a scroll of blinking {unknown}
 o - a scroll of magic mapping {unknown}
 s - 4 scrolls of identify
 t - a scroll of immolation {unknown}
 v - 2 scrolls of brand weapon {unknown}
Potions
 k - 2 potions of attraction
 n - a potion of flight
 u - 2 potions of curing {unknown}
 x - a potion of degeneration {unknown}


   Skills:
 + Level 1.2 Fighting
 + Level 1.9 Short Blades
 + Level 2.2 Armour
 + Level 3.1 Dodging
 + Level 1.9 Stealth
 + Level 1.0 Shields
 + Level 4.2 Spellcasting
 + Level 1.0 Evocations


You knew the following spells:

 Your Spells              Type           Power      Damage    Failure   Level
a - Magic Dart            Conj           72%        1d6       3%          1
b - Slow                  Hex            72%        N/A       3%          1
c - Blink                 Tloc           36%        N/A       5%          2
d - Call Imp              Summ           36%        N/A       5%          2
e - Mephitic Cloud        Conj/Pois/Air  18%        N/A       11%         3
f - Shock                 Conj/Air       72%        1d7       3%          1
g - Lesser Beckoning      Tloc           36%        N/A       5%          2
h - Passwall              Tmut/Erth      15%        N/A       5%          2
Your spell library was empty.

Dungeon Overview and Level Annotations

Branches:
Dungeon (4/15)
 Temple: D:4-7

Altars:
Ashenzari

Shops:
D:3 *   D:4 *


Innate Abilities, Weirdness & Mutations

You are immune to sickness and miasma.
You are immune to poison.
Your flesh is very heat resistant. (rF++)
You are vulnerable to cold. (rC-)
You float through the air rather than walking.
You learn spells naturally, not from books.
Your magical power is your life essence.
You have superior vitality. (+4 MHP)


Message History

The phantom is severely damaged.
Your cerulean imp completely misses the phantom.
The phantom closely misses you.
You hit the phantom but do no damage.
The phantom is severely damaged.
Your cerulean imp closely misses the phantom.
You barely miss the phantom.
The phantom is severely damaged.
The phantom closely misses you.
Your cerulean imp hits the phantom with a -3 spear.
You hit the phantom.
The phantom is severely damaged.
The phantom barely misses you.
Your cerulean imp barely misses the phantom.
You closely miss the phantom.
The phantom is severely damaged.
The phantom hits you.
* * * LOW HITPOINT WARNING * * *
The phantom blinks!
You blink.
The phantom hits you but does no damage.
You hit the phantom.
The phantom is almost destroyed.
The phantom hits you but does no damage.
You barely miss the phantom.
The phantom is severely damaged.
Your cerulean imp completely misses the phantom.
The phantom misses you.
You miss the phantom.
The phantom is severely damaged.
Your cerulean imp hits the phantom from afar with a -3 spear.
The phantom hits you.
* * * LOW HITPOINT WARNING * * *
You barely miss the phantom. Your punch misses the phantom.
The phantom is almost destroyed.
Your cerulean imp hits the phantom from afar with a -3 spear.
The phantom closely misses you.
You barely miss the phantom.
The phantom is almost destroyed.
Your cerulean imp misses the phantom.
The phantom hits you.
You die...

.#.........# #...
'.........# #...
#.........####+###...
#....................
#....................
#....................
...#......5........†....
#................##'..
##+##@W....#######∩#..
#......#....r###..
#......#......#...
#......#......#...
#......#......#...
#......#......#...
.......#......#...
.......#......#... +...


You could see a phantom (ally target) and a friendly cerulean imp (summoned).

Vanquished Creatures
  Sigmund (D:4)
  A sleepcap (D:4)
  An orc wizard (D:4)
  An iguana (D:3)
  4 gnolls
  3 adders
  3 river rats (D:3)
  A dart slug (D:1)
  2 orcs (D:4)
  4 ball pythons
  4 bats
  6 endoplasms
  2 giant cockroaches
  2 goblins
  7 hobgoblins
  4 jackals (D:1)
  3 quokkas
  3 frilled lizards
  3 kobolds
  6 rats
61 creatures vanquished.

Notes
Turn   | Place    | Note
-------+----------+-------------------------------------------
     0 | D:1      | CarvArkoylaein the Djinni Hedge Wizard began the quest for
                  | the Orb.
     0 | D:1      | CarvArkoylaein set off with the following spells memorised:
                  | Magic Dart, Slow, Blink, Call Imp, Mephitic Cloud.
     0 | D:1      | Reached XP level 1. HP: 15/15 MP: 0/0
   216 | D:1      | Reached XP level 2. HP: 8/21 MP: 0/0
   795 | D:1      | Reached XP level 3. HP: 20/25 MP: 0/0
   795 | D:1      | Learned a level 1 spell: Shock
  1623 | D:2      | Reached skill level 3 in Spellcasting
  2019 | D:3      | Identified the +9 plate armour of Dogma {Dex+3}
  2127 | D:3      | Reached XP level 4. HP: 13/31 MP: 0/0
  2300 | D:3      | Reached skill level 1 in Shields
  2332 | D:3      | Found Jizarist's General Store.
  2417 | D:3      | Reached XP level 5. HP: 6/35 MP: 0/0
  2417 | D:3      | Learned a level 2 spell: Lesser Beckoning
  2582 | D:3      | Reached skill level 1 in Short Blades
  2609 | D:3      | Found a glowing drain.
  2902 | D:3      | Found a faded altar of an unknown god.
  2910 | D:3      | Upgraded the game from 0.30.1-8-g117510f58f to
                  | 0.30.1-9-gdf580d7c3d
  3137 | D:4      | Found a broken altar of Ashenzari.
  3155 | D:4      | Noticed Sigmund
  3167 | D:4      | HP: 1/36 [Sigmund/+4 scythe (3)]
  3169 | D:4      | Killed Sigmund
  3170 | D:4      | Reached skill level 1 in Fighting
  3170 | D:4      | Reached skill level 1 in Armour
  3170 | D:4      | Reached skill level 4 in Spellcasting
  3170 | D:4      | Reached XP level 6. HP: 1/42 MP: 0/0
  3273 | D:4      | Reached XP level 7. HP: 24/47 MP: 0/0
  3273 | D:4      | Learned a level 2 spell: Passwall
  3283 | D:4      | Reached skill level 1 in Evocations
  3488 | D:4      | Found Wabom's General Store.
  3623 | D:4      | Slain by a phantom

Illustrated notes

Levels and vault maps discovered:
D:1:      dpeg_arrival_water_temple_mockup, layout_loops_ring, st_stairs_10
D:2:      layout_loops_ring, minmay_cut_off
D:3:      layout_basic, serial_shops, nicolae_shop_tiny_statue_garden,
          ebering_ecumenical_altar_webs, lightli_sewer_entry_pipes,
          small_statue_intersection, minmay_misc_feat_ornament,
          chequers_serial_rivers_micro_d
D:4:      layout_gridville, nicolae_ashenzari_panopticon, serial_shops, shop,
          nicolae_shop_tiny_glass, nicolae_shop_advertising_works
          [nicolae_subvault_shop_adworks], nicolae_shop_behind_doors,
          saegor_snake_ambush, uniq_sigmund

Skill      XL: |  1  2  3  4  5  6  7 |
---------------+----------------------+-----
Spellcasting   | 3 4 |  4.2
Shields        | 1 |  1.0
Short Blades   | 1 |  1.9
Fighting       | 1 |  1.2
Armour         | 1 2 |  2.2
Dodging        | 3 |  3.1
Evocations     | 1 |  1.0
Stealth        | |  1.9

Action                     |  1- 3 |  4- 6 |  7- 9 || total
---------------------------+-------+-------+-------++-------
  Melee: Dagger            |    83 |    52 |    33 ||   168
         Punch             |       |     1 |       ||     1
   Cast: Magic Dart        |    59 |    40 |    22 ||   121
         Slow              |     1 |       |       ||     1
         Mephitic Cloud    |     1 |     1 |       ||     2
         Call Imp          |     1 |       |     1 ||     2
         Blink             |       |     2 |       ||     2
         Shock             |       |     4 |       ||     4
  Evoke: Wand              |     1 |    10 |       ||    11
    Use: Scroll            |     6 |     2 |       ||     8
         Potion            |     1 |     1 |       ||     2
   Stab: Sleeping          |     1 |       |       ||     1
         Distracted        |       |     1 |       ||     1
 Armour: Robe              |     5 |       |       ||     5
         Ring mail         |    29 |       |       ||    29
         Leather armour    |     5 |    34 |    10 ||    49
  Dodge: Dodged            |    41 |    55 |    29 ||   125
  Block: Kite shield       |    30 |       |       ||    30
